 Dungeon Crawl Stone Soup version 0.31.0-10-gcf4a605ca0 (webtiles) character file.

Game seed: 10736818917143505698

196 PaiMei the Grave Robber (level 5, -2/36 HPs)
             Began as a Demonspawn Necromancer on Jan 25, 2024.
             Slain by an ufetubus (3 damage)
             ... on level 3 of the Dungeon.
             The game lasted 00:04:49 (2991 turns).

PaiMei the Grave Robber (Demonspawn Necromancer)    Turns: 2991, Time: 00:04:50

Health: -2/36      AC:  3    Str:  8    XL:     5   Next: 45%
Magic:  1/9        EV: 13    Int: 21    God:
Gold:   18         SH:  0    Dex: 14    Spells: 2/10 levels left

rFire   . . .        c - +0 club
rCold   . . .        (no shield)
rNeg    . . .        a - +0 robe
rPois   .            s - +0 helmet
rElec   .            (no cloak)
rCorr   .            (no gloves)
SInv    .            (no boots)
Will    .....        (no amulet)
Stlth   ++           (no ring)
HPRegen 0.26/turn    (no ring)
MPRegen 0.11/turn

%: no passive effects
@: no status effects
A: big brain 2, demonic magic 1
a: no special abilities


You were on level 3 of the Dungeon.
You visited 1 branch of the dungeon, and saw 3 of its levels.

You collected 114 gold pieces.
You spent 96 gold pieces at shops.

Inventory:

Hand Weapons
 c - a +0 club (weapon)
Armour
 a - a +0 robe (worn)
 s - a +0 helmet (worn)
Magical Staves
 h - a staff of death
Talismans
 d - a serpent talisman
Wands
 o - a wand of charming (9)
Scrolls
 i - a scroll of amnesia {unknown}
 j - 2 scrolls of identify {unknown}
 k - a scroll of vulnerability {unknown}
 l - a scroll of blinking {unknown}
 m - a scroll of poison {unknown}
 n - a scroll of brand weapon {unknown}
 q - 2 scrolls of teleportation {unknown}
 t - a scroll of acquirement {unknown}
Potions
 b - a potion of magic
 e - 2 potions of curing
 f - 3 potions of mutation {unknown}
 g - a potion of brilliance {unknown}
 p - a potion of haste {unknown}
 r - 2 potions of heal wounds


   Skills:
 + Level 0.7 Fighting
 + Level 3.0 Dodging
 - Level 3.0 Stealth
 + Level 3.1 Spellcasting
 + Level 5.3 Necromancy


You had 2 spell levels left.
You knew the following spells:

 Your Spells              Type           Power      Damage    Failure   Level
a - Necrotise             Necr           100%       1d9       1%          1
b - Vampiric Draining     Necr           25%        2d7       4%          3
c - Animate Dead          Necr           25%        N/A       14%         4

Your spell library contained the following spells:

 Spells                   Type           Power      Damage    Failure   Level
 Cigotuvi's Dreadful Rot  Necr/Alch/Air  20%        N/A       10%         2
 Magic Dart               Conj           12%        1d3       13%         1
 Blink                    Tloc           6%         N/A       21%         2
 Call Imp                 Summ           6%         N/A       21%         2
 Curse of Agony           Necr           25%        N/A       38%         5
 Ignite Poison            Fire/Alch      3%         N/A       78%         4
 Freezing Cloud           Conj/Ice/Air   1%         6-21      98%         5


Dungeon Overview and Level Annotations

Branches:
Dungeon (3/15)

Altars:

Shops:
D:3 !

Annotations:
D:3 Robin


Innate Abilities, Weirdness & Mutations

You have an extremely huge brain. (Int +4)
Spells you cast may paralyse adjacent enemies.


Message History

Confirm with . or Enter, or press ? or * to list all spells.
Aiming: Necrotise (safe; 1% risk of failure)
Press: ? - help, Shift-Dir - straight line, f/p - Natasha
Aim: Natasha (severely wounded, chance to affect: 83%) Natasha writhes in agony.
Malevolent energies surge around you.
The ufetubus suddenly stops moving! x2; Natasha claws you.
* * * LOW HITPOINT WARNING * * *
Casting: Necrotise (safe; 1% risk of failure)
Confirm with . or Enter, or press ? or * to list all spells.
Aiming: Necrotise (safe; 1% risk of failure)
Press: ? - help, Shift-Dir - straight line, f/p - Natasha
Aim: Natasha (almost dead, chance to affect: 83%) Natasha writhes in agony!
You kill Natasha!
Natasha screams in fury as she dies!
Malevolent energies surge around you.
The dead are walking!
Terence hits the ufetubus.
Your Dodging skill increases to level 3!
Casting: Necrotise (safe; 1% risk of failure)
Confirm with . or Enter, or press ? or * to list all spells.
You can't see any susceptible monsters within range! (Use Z to cast anyway.)
Casting: Necrotise (safe; 1% risk of failure)
Confirm with . or Enter, or press ? or * to list all spells.
You can't see any susceptible monsters within range! (Use Z to cast anyway.)
Casting: Necrotise (safe; 1% risk of failure)
Confirm with . or Enter, or press ? or * to list all spells.
You can't see any susceptible monsters within range! (Use Z to cast anyway.)
Casting: Necrotise (safe; 1% risk of failure)
Confirm with . or Enter, or press ? or * to list all spells.
You can't see any susceptible monsters within range! (Use Z to cast anyway.)
The helpless ufetubus fails to defend itself.
You hit the ufetubus.
The ufetubus is severely wounded.
The ufetubus is no longer paralysed.
The ufetubus hits you.
* * * LOW HITPOINT WARNING * * *
The ufetubus hits you.
* * * LOW HITPOINT WARNING * * *
Terence hits the ufetubus but does no damage.
The ufetubus hits you.
You die...

###########
..........########
g.........'....).)
g.........########
.......<........#
.####################.#
...................##'##
......5Z.#########.#...#
.......@5).........'...#
########Z#..######.#....
###..### #.#....
####....####.#....
#...∩......#.#....
#....##....#.#....
###..##....#'#....
#...............
#....<......####


You could see 2 ufetubi, the friendly Terence the human skeleton and the
friendly Natasha the felid skeleton.

Vanquished Creatures
  Jessica (D:3)
  Terence (D:3)
  Natasha (D:3)
  5 adders
  2 dart slugs (D:1)
  3 ribbon worms (D:2)
  5 ball pythons
  3 bats
  2 endoplasms (D:1)
  A giant cockroach (D:3)
  9 goblins
  12 hobgoblins
  3 quokkas
  2 frilled lizards (D:2)
  5 kobolds
  3 rats (D:2)
58 creatures vanquished.

Vanquished Creatures (collateral kills)
  A dart slug (D:1)
  A goblin (D:3)
2 creatures vanquished.

Grand Total: 60 creatures vanquished

Notes
Turn   | Place    | Note
-------+----------+-------------------------------------------
     0 | D:1      | PaiMei the Demonspawn Necromancer began the quest for the
                  | Orb.
     0 | D:1      | Reached XP level 1. HP: 13/13 MP: 3/3
   237 | D:1      | Gained mutation: You have an unusually large brain. (Int
                  | +2) [demonic ancestry]
   237 | D:1      | Reached XP level 2. HP: 19/19 MP: 1/5
  1126 | D:2      | Gained mutation: You have an extremely huge brain. (Int +4)
                  | [demonic ancestry]
  1126 | D:2      | Reached XP level 3. HP: 24/24 MP: 4/6
  1450 | D:2      | Gained mutation: Spells you cast may paralyse adjacent
                  | enemies. [demonic ancestry]
  1450 | D:2      | Reached XP level 4. HP: 30/30 MP: 1/7
  1669 | D:2      | Found a faded altar of an unknown god.
  2141 | D:3      | Noticed Robin
  2281 | D:3      | Reached skill level 5 in Necromancy
  2757 | D:3      | Noticed Jessica
  2759 | D:3      | Killed Jessica
  2889 | D:3      | Reached XP level 5. HP: 35/35 MP: 3/9
  2950 | D:3      | Found Ogovuk's Distillery.
  2958 | D:3      | Bought a potion of curing for 36 gold pieces
  2958 | D:3      | Bought a potion of heal wounds for 60 gold pieces
  2960 | D:3      | Noticed Terence
  2964 | D:3      | Killed Terence
  2974 | D:3      | Learned a level 3 spell: Vampiric Draining
  2979 | D:3      | Learned a level 4 spell: Animate Dead
  2982 | D:3      | Noticed Natasha
  2990 | D:3      | Killed Natasha
  2991 | D:3      | HP: 1/36 [ufetubus (3)]
  2991 | D:3      | Slain by an ufetubus

Illustrated notes

Levels and vault maps discovered:
D:1:      ebering_hopf_link, layout_basic, serial_bayou_pond_e,
          nicolae_twisty_statue_hallways
D:2:      layout_basic, hellmonk_ecumenical_altar_pennies_from_heaven
D:3:      layout_basic, fedhas_ov_isle_minmay, serial_shops,
          nicolae_square_shop, chequers_avenue, serial_bayou_pond_b,
          kennysheep_nondescript, nicolae_shop_vocational, uniq_jessica,
          uniq_terence, uniq_natasha, uniq_robin

Skill      XL: |  1  2  3  4  5 |
---------------+----------------+-----
Dodging        | 2 3 |  3.0
Stealth        | 2 3 |  3.0
Necromancy     | 5 |  5.3
Spellcasting   | 3 |  3.1
Fighting       | |  0.7

Action                     |  1- 3 |  4- 6 || total
---------------------------+-------+-------++-------
  Melee: Club              |     4 |     3 ||     7
   Cast: Necrotise         |    67 |    63 ||   130
   Stab: Paralysed         |       |     1 ||     1
 Armour: Robe              |    12 |    22 ||    34
  Dodge: Dodged            |    27 |    33 ||    60
